 Dungeon Crawl Stone Soup version 0.20-a0-435-gf4ea4dd (webtiles) character file.

18416 MirrMurr the Bludgeoner (level 12, -1/77 HPs)
             Began as a Gargoyle Berserker on Jan 5, 2017.
             Was a High Priest of Trog.
             Slain by a swamp dragon simulacrum (8 damage)
             ... in an ice cave.
             The game lasted 00:28:25 (11510 turns).

MirrMurr the Bludgeoner (Gargoyle Berserker)       Turns: 11510, Time: 00:28:25

Health: -1/77      AC: 29    Str: 21    XL:     12   Next: 58%
Magic:  12/12      EV: 13    Int: 12    God:    Trog [*****.]
Gold:   843        SH:  0    Dex: 13    Spells: 11/11 levels left

rFire  x . .     SeeInvis .     a - +5 morningstar
rCold  + . .     Gourm    .     J - quicksilver dragon scales
rNeg   + + .     Faith    .     (no shield)
rPois  ∞         Spirit   .     (no helmet)
rElec  +         Reflect  .     e - +2 cloak of Evolution {rN+}
rCorr  .         Harm     .     H - +2 pair of gloves
MR     +++..                    j - +0 pair of boots
Stlth  +.........               (no amulet)
                                k - ring of ice
                                D - +3 ring of intelligence

@: regenerating
A: negative energy resistance 1, electricity resistance, unbreathing,
petrification resistance, rot immunity, AC +8
a: Berserk, Trog's Hand, Brothers in Arms, Burn Spellbooks, Renounce Religion


You were in an ice cave.
You worshipped Trog.
Trog was extremely pleased with you.
You were hungry.

You visited 2 branches of the dungeon, and saw 12 of its levels.
You also visited: Ossuary and Ice Cave.

You collected 843 gold pieces.

Inventory:

Hand Weapons
 a - a +5 morningstar (weapon)
 b - a +0 blowgun
Missiles
 f - 81 poisoned needles
 n - 9 throwing nets
 C - 3 curare-tipped needles
 E - 10 javelins (quivered)
Armour
 e - the +2 cloak of Evolution (worn) {rN+}
   (You acquired it on level 3 of the Lair of Beasts)

   It protects you from negative energy.
 j - a +0 pair of boots (worn)
 H - a +2 pair of gloves (worn)
 J - quicksilver dragon scales (worn)
Jewellery
 k - a ring of ice (right hand)
 D - a +3 ring of intelligence (left hand)
 G - an uncursed ring of fire
Wands
 u - a wand of disintegration (24/24)
 z - a wand of confusion (17/48)
 A - a wand of acid (8/15)
 F - a wand of clouds (5/9)
 M - a wand of iceblast (11/15)
 N - a wand of paralysis (12/24)
 O - a wand of flame (20/48)
Scrolls
 i - 2 scrolls of identify
 o - a scroll of teleportation
 r - 4 scrolls of remove curse
 t - 2 scrolls of holy word
 x - a scroll of silence
 y - a scroll of fear
Potions
 d - a potion of ambrosia
 g - 2 potions of might
 l - a potion of agility
 m - 6 potions of haste
 p - a potion of cure mutation
 s - 7 potions of curing
 w - 2 potions of berserk rage
 K - 8 potions of heal wounds
Comestibles
 c - 6 bread rations
 q - 9 meat rations
 v - 6 royal jellies
 B - a slice of pizza
 I - a beef jerky
 L - 17 fruits


   Skills:
 + Level 9.8 Fighting
 * Level 15.8 Maces & Flails
 + Level 8.0 Armour
 + Level 4.4 Dodging


You had 11 spell levels left.
You didn't know any spells.

Dungeon Overview and Level Annotations

Branches:
Dungeon (9/15)             Temple (0/1) D:6            Lair (3/6) D:9
  Swamp: Lair:2-4    Shoals: Lair:2-4     Snake: Lair:2-4    Spider: Lair:2-4
    Orc: D:9-12

Altars:
Ashenzari
Ru
Sif Muna

Shops:
D:4 (   D:8 *


Innate Abilities, Weirdness & Mutations

You are resistant to torment.
Your stone body is resilient. (AC +8)
You are immune to poison.
You resist negative energy. (rN+)
You are resistant to electric shocks. (rElec)
You can survive without breathing.
You are immune to petrification.
You are immune to rotting.


Message History

* * * LOW HITPOINT WARNING * * *
The swamp dragon simulacrum claws you but does no damage.
The swamp dragon simulacrum closely misses you.
The wolf simulacrum barely misses you.
You thump the wolf simulacrum!
The wolf simulacrum vapourises!
Trog accepts your kill. The swamp dragon simulacrum bites you.
* * * LOW HITPOINT WARNING * * *
The swamp dragon simulacrum freezes you.
You resist.
* * * LOW HITPOINT WARNING * * *
The swamp dragon simulacrum claws you but does no damage.
The swamp dragon simulacrum misses you. x2
The swamp dragon simulacrum claws you but does no damage.
The swamp dragon simulacrum tramples you.
* * * LOW HITPOINT WARNING * * *
The swamp dragon simulacrum freezes you!
You resist.
You die...

#####
##...##
##..∩..##
#.......#
#...@...#
##.ZZZ.##
##...##
#...#
##...#
#...#
...##
..## .##


You could see a polar bear simulacrum and 2 swamp dragon simulacra.

Vanquished Creatures
  Harold (Lair:1)
  A hydra (Lair:2)
  4 two-headed ogres
  Nergalle (Lair:2)
  Sonja (Lair:3)
  The ghost of nago the Summoner, a novice OgSu of Sif Muna (D:8)
  Pikel (D:5)
  Joseph (D:8)
  A black mamba (Lair:2)
  A komodo dragon (Lair:2)
  A polar bear (Lair:3)
  A queen bee (D:7)
  A troll (D:9)
  A hornet (D:9)
  4 blink frogs (Lair:2)
  2 hippogriffs (Lair:2)
  16 yaks
  A hungry ghost (D:8)
  Menkaure (D:4)
  5 water moccasins
  4 porcupines (Lair:3)
  An orc warrior (D:9)
  A sky beast (D:9)
  2 necrophages
  2 ogres
  10 ice beasts
  8 wolves
  2 centaurs (D:6)
  3 crocodiles
  2 big kobolds (D:9)
  A gnoll sergeant (D:8)
  6 bullfrogs
  2 scorpions
  16 killer bees
  8 wights
  2 howler monkeys (D:8)
  3 crimson imps
  2 bullfrog zombies
  3 quasits
  2 centaur zombies (Ossuary)
  4 jellies
  2 bullfrog skeletons
  5 orc priests
  9 hounds
  A gnoll shaman (D:8)
  7 orc wizards
  3 worker ants
  A wolf simulacrum (IceCv)
  A big kobold zombie (Ossuary)
  A hound zombie (D:6)
  2 hound skeletons
  7 mummies
  A worker ant zombie (D:9)
  20 gnolls
  11 adders
  An ooze (D:1)
  2 adder skeletons
  2 adder zombies (D:6)
  3 worms (D:3)
  4 leopard geckos
  30 orcs
  7 giant cockroaches
  8 goblins
  8 hobgoblins
  17 jackals
  3 quokkas
  2 ball pythons (D:3)
  7 bats
  2 frilled lizards
  A giant cockroach zombie (D:6)
  A hobgoblin zombie (Ossuary)
  16 kobolds
  A leopard gecko skeleton (D:4)
  7 rats
323 creatures vanquished.

Vanquished Creatures (others)
  A centaur (D:5)
  An adder (D:5)
2 creatures vanquished.

Grand Total: 325 creatures vanquished

Notes
Turn   | Place    | Note
-------+----------+-------------------------------------------
     0 | D:1      | MirrMurr the Gargoyle Berserker began the quest for the Orb.
     0 | D:1      | Reached XP level 1. HP: 14/14 MP: 1/1
    60 | D:1      | Reached XP level 2. HP: 12/19 MP: 2/2
   346 | D:1      | Reached XP level 3. HP: 24/24 MP: 3/3
   407 | D:1      | Reached ** piety under Trog
   785 | D:2      | Reached skill level 4 in Maces & Flails
   817 | D:1      | Reached XP level 4. HP: 29/29 MP: 4/4
  1277 | D:3      | Reached XP level 5. HP: 29/33 MP: 5/5
  1601 | D:3      | Reached skill level 5 in Maces & Flails
  1715 | D:3      | Reached *** piety under Trog
  1727 | D:3      | Reached XP level 6. HP: 20/39 MP: 6/6
  2069 | D:3      | Reached skill level 6 in Maces & Flails
  2280 | D:4      | Found Ciobryiph's Weapon Shoppe.
  2298 | D:4      | Reached XP level 7. HP: 27/44 MP: 7/7
  2674 | D:4      | Noticed Menkaure
  2685 | D:4      | Killed Menkaure
  2685 | D:4      | Reached skill level 7 in Maces & Flails
  3079 | D:5      | Entered Level 5 of the Dungeon
  3352 | D:5      | Noticed Pikel
  3374 | D:5      | Killed Pikel
  3374 | D:5      | Reached skill level 5 in Fighting
  3374 | D:5      | Reached skill level 8 in Maces & Flails
  3374 | D:5      | Reached XP level 8. HP: 49/49 MP: 8/8
  3905 | D:5      | Found a sacrificial altar of Ru.
  3928 | D:5      | Reached skill level 9 in Maces & Flails
  4270 | D:6      | Found a sand-covered staircase.
  4280 | Ossuary  | Entered an ossuary
  4502 | Ossuary  | Reached **** piety under Trog
  4696 | D:6      | Reached skill level 5 in Armour
  4696 | D:6      | Reached XP level 9. HP: 40/54 MP: 9/9
  4719 | D:6      | Found a staircase to the Ecumenical Temple.
  4857 | D:6      | Reached skill level 10 in Maces & Flails
  5894 | D:7      | Reached skill level 11 in Maces & Flails
  6503 | D:8      | Noticed a queen bee
  6907 | D:7      | Killed a queen bee
  6916 | D:7      | Reached XP level 10. HP: 61/61 MP: 10/10
  7087 | D:8      | Noticed nago's ghost (novice OgSu)
  7098 | D:8      | Killed nago's ghost
  7098 | D:8      | Reached skill level 12 in Maces & Flails
  7150 | D:8      | Reached ***** piety under Trog
  7220 | D:8      | Noticed a two-headed ogre
  7227 | D:8      | Killed a two-headed ogre
  7283 | D:8      | Noticed Joseph
  7319 | D:8      | Killed Joseph
  7359 | D:8      | Found Xiumputt's General Store.
  7408 | D:8      | Noticed a two-headed ogre
  7417 | D:8      | Killed a two-headed ogre
  7450 | D:8      | Reached skill level 13 in Maces & Flails
  7451 | D:8      | Received a gift from Trog
  7757 | D:8      | Reached XP level 11. HP: 67/68 MP: 11/11
  8789 | D:9      | Noticed a two-headed ogre
  8803 | D:9      | Killed a two-headed ogre
  8961 | D:9      | Noticed a two-headed ogre
  8976 | D:9      | Killed a two-headed ogre
  8976 | D:9      | Reached skill level 14 in Maces & Flails
  9325 | D:9      | Found a staircase to the Lair.
  9419 | D:9      | Found a deep blue altar of Sif Muna.
  9570 | Lair:1   | Entered Level 1 of the Lair of Beasts
  9649 | Lair:1   | Noticed Harold
  9667 | Lair:1   | Killed Harold
 10352 | Lair:2   | Found a shattered altar of Ashenzari.
 10482 | Lair:2   | Noticed Nergalle
 10496 | Lair:2   | Killed Nergalle
 10496 | Lair:2   | Reached skill level 15 in Maces & Flails
 10496 | Lair:2   | Reached XP level 12. HP: 76/76 MP: 12/12
 10816 | Lair:2   | Received a gift from Trog
 10962 | Lair:2   | Noticed a five-headed hydra
 10968 | Lair:2   | Killed a five-headed hydra
 11168 | Lair:3   | Identified a scroll of acquirement
 11169 | Lair:3   | Got a bloodstained cloak
 11180 | Lair:3   | Identified the +2 cloak of Evolution {rN+} (You acquired it on level 3 of the Lair of Beasts)
 11384 | Lair:3   | Noticed Sonja
 11397 | Lair:3   | Killed Sonja
 11447 | Lair:3   | Found a frozen archway.
 11501 | IceCv    | Entered an ice cave
 11510 | IceCv    | Slain by a swamp dragon simulacrum

Vault maps used:
D:1:      evilmike_arrival_crescent, hangedman_decor_diamond_cutter,
          minmay_small_reverse_x
D:2:      moated_statue
D:3:      hangedman_decor_growths
D:4:      serial_shops, shop, uniq_menkaure
D:5:      first_bread, hangedman_ru_absence, uniq_pikel
D:6:      gup_ossuary_entry_pyramid
D:8:      serial_gnoll_camp, gnoll_camp_mini_shop, gnoll_camp_mini_doghouse,
          gnoll_camp_medium_02, gnoll_camp_mini_doghouse, david_nohive_1,
          uniq_joseph
D:9:      kennysheep_orc_sif_temple, lair_entry_dummy
Lair:1:   beast_lair_carwin_large_3, lemuel_fruit_tree, lemuel_fruit_fields,
          grunt_megastairs_3, lemuel_fruit_fields, infiniplex_staircase_pool_2,
          uniq_harold
Lair:2:   basic_altar, uniq_nergalle
Lair:3:   portal_ice_cave_entry_ice_beasts, st_stairs_12, serial_bayou_pond_b,
          uniq_gastronok, uniq_sonja
Ossuary:  ossuary_the_hunt_dpeg
IceCv:    ice_cave_small_necro

Skill      XL: |  1  2  3  4  5  6  7  8  9 10 11 12 |
---------------+-------------------------------------+-----
Fighting       | 4 5 6 7 9 |  9.8
Maces & Flails | 4 5 6 8 9 11 13 15 | 15.8
Armour         | 3 4 5 6 7 8 |  8.0
Dodging        | 2 3 4 |  4.4

Action                   |  1- 3 |  4- 6 |  7- 9 | 10-12 || total
-------------------------+-------+-------+-------+-------++-------
Melee: Mace              |   121 |   131 |       |       ||   252
       Morningstar       |       |    57 |   407 |   663 ||  1127
 Fire: Blowgun           |       |       |       |     2 ||     2
Invok: Berserk           |       |     3 |     4 |     9 ||    16
       Burn Spellbooks   |       |     1 |     1 |       ||     2
       Trog's Hand       |       |     1 |       |     3 ||     4
  Use: Scroll            |     2 |     4 |    11 |     8 ||    25
       Potion            |       |       |       |     1 ||     1
 Stab: Held in net/web   |       |       |     2 |       ||     2
  Eat: Chunk             |       |     8 |    11 |    21 ||    40
       Beef jerky        |       |       |     2 |     1 ||     3
       Royal jelly       |       |       |     1 |     2 ||     3
       Pizza             |       |       |     1 |       ||     1
Armor: Animal skin       |    11 |       |       |       ||    11
       Chain mail        |    84 |   121 |   313 |   130 ||   648
       Quicksilver drago |       |       |       |   336 ||   336
Dodge: Dodged            |    65 |   100 |   214 |   491 ||   870
